 Dungeon Crawl Stone Soup version 0.18.1-8-gdd0e5ea (webtiles) character file.

69 Dessew the Sneak (level 4, -2/23 HPs)
             Began as a Spriggan Assassin on June 8, 2016.
             Slain by Grinder (3 damage)
             ... while paralysed by Grinder
             ... on level 3 of the Dungeon.
             The game lasted 00:05:56 (1232 turns).

Dessew the Sneak (Spriggan Assassin)                Turns: 1232, Time: 00:05:57

Health: -2/23      AC:  3    Str:  7    XL:     4   Next: 2%
Magic:  5/5        EV:  4    Int: 12    God:
Gold:   50         SH:  0    Dex: 18    Spells: 0 memorised, 3 levels left

rFire  . . .     SeeInvis +     a - +2 dagger
rCold  . . .     Gourm    .     c - +0 robe
rNeg   . . .     Faith    .     (shield restricted)
rPois  .         Spirit   .     (helmet restricted)
rElec  .         Dismiss  .     d - +0 cloak
rCorr  .         Reflect  .     (gloves unavailable)
SustAt .         Harm     .     (boots unavailable)
MR     .....                    (no amulet)
Stlth  ++++......               (no ring)
                                (no ring)

@: paralysed, very quick, not resistant to hostile enchantments, stealthy
A: unfitting armour, see invisible, herbivore 3, speed 3, slow metabolism 2
a: no special abilities


You were on level 3 of the Dungeon.
You were not hungry.

You visited 1 branch of the dungeon, and saw 3 of its levels.

You collected 50 gold pieces.

Inventory:

Hand Weapons
 a - a +2 dagger (weapon)
 b - a +0 blowgun
Missiles
 e - 18 poisoned needles
 f - 2 curare-tipped needles
Armour
 c - a +0 robe (worn)
 d - a +0 cloak (worn)
Scrolls
 j - 2 scrolls of remove curse {unknown}
 l - a scroll of recharging {unknown}
 m - 2 scrolls of enchant armour {unknown}
 n - a scroll of random uselessness {unknown}
Potions
 h - a potion of degeneration {unknown}
 i - a potion of heal wounds {unknown}
 k - a potion of brilliance {unknown}
 o - a potion of curing
 p - a potion of resistance {unknown}
Comestibles
 g - a bread ration


   Skills:
 + Level 2.2 Fighting
 * Level 3.8 Short Blades
 - Level 2.0 Throwing
 + Level 2.6 Dodging
 - Level 5.9 Stealth


You had 3 spell levels left.
You didn't know any spells.

Dungeon Overview and Level Annotations

Branches:
Dungeon (3/15)

Altars:

Annotations:
D:3 Grinder


Innate Abilities, Weirdness & Mutations

You are tiny and cannot use many weapons and most armour.
You have supernaturally acute eyesight.
You are a herbivore.
You cover ground extremely quickly.
You need consume almost no food.


Message History

Grinder hits you.
You hit Grinder but do no damage.
Grinder is moderately wounded.
Grinder completely misses you.
You hit Grinder.
Grinder is moderately wounded.
You hit Grinder but do no damage.
Grinder is moderately wounded.
Grinder hits you but does no damage.
You barely miss Grinder.
Grinder is moderately wounded.
Grinder barely misses you.
You barely miss Grinder.
Grinder is moderately wounded.
Grinder gestures at you.
You suddenly lose the ability to move!
Grinder hits you!
* * * LOW HITPOINT WARNING * * *
You writhe in agony.
You die...

#.#........<.##
#.........>........
####.#.....#........##
#..........#.......##
##†#.#####.##.####.#
#.#.# #.##.# ##
###.#####+##.#
#.#........######
#.#........5@...+
#.#.......#######
#.+.......# #.......#
#.......# #.......#
#.......# #.......#
#########


You could see Grinder.

Vanquished Creatures
  3 adders (D:2)
  A worm (D:2)
  3 dart slugs
  A giant cockroach (D:2)
  A goblin (D:1)
  6 hobgoblins
  4 jackals
  4 kobolds
  2 quokkas (D:2)
  2 bats
  A giant newt (D:1)
  3 rats
31 creatures vanquished.

Notes
Turn   | Place    | Note
--------------------------------------------------------------
     0 | D:1      | Dessew the Spriggan Assassin began the quest for the Orb.
     0 | D:1      | Reached XP level 1. HP: 10/10 MP: 2/2
   231 | D:1      | Reached XP level 2. HP: 15/15 MP: 3/3
   654 | D:2      | Reached XP level 3. HP: 18/18 MP: 4/4
  1183 | D:3      | Reached XP level 4. HP: 23/23 MP: 5/5
  1196 | D:3      | Noticed Grinder
  1231 | D:3      | Paralysed by Grinder for 2 turns
  1232 | D:3      | HP: 1/23 [Grinder (8)]
  1232 | D:3      | Slain by Grinder

Skill      XL: |  1  2  3 |
---------------+----------+-----
Short Blades   | 3 |  3.8
Fighting       | 2 |  2.2
Dodging        | 2 |  2.6
Throwing       | |  2.0
Stealth        | |  5.9

Action                   |  1- 3 |  4- 6 || total
-------------------------+-------+-------++-------
Melee: Dagger            |    81 |    21 ||   102
 Stab: Sleeping          |    16 |       ||    16
Armor: Robe              |     6 |     1 ||     7
Dodge: Dodged            |    39 |     8 ||    47
